AoeStats
← DK_Vamos Jefe de Equipo

Arabia

509966772Analyzed
1v1 RM · 2d ago on Sep 28, 2026· 54m 45s· 2 players
Game mode
Random Map
Map size
Tiny (2 player)
Population
200
Speed
Normal
Resources
Standard
Victory
Conquest
Starting age
Dark Age
Ending age
Imperial Age
RankedLock teamsTeams togetherTeam positionsShared explorationLock speedFull tech treeHidden civsTurbo modeCheats
Victory
Defeat
🇲🇽 Armenians · Mexico
1270
+17
1295
-17
bstone13
6:39 Loom
9:12 Feudal Age
12:57 Double-Bit Axe
14:04 Horse Collar
20:24 Castle Age
18:52 Fletching
19:30 Padded Archer Armor
20:32 Gold Mining
21:14 Elite Skirmisher
21:58 Squires
21:43 Gambesons
21:18 Man-at-Arms
23:12 Bow Saw
25:23 Fervor
25:30 Stone Mining
27:20 Ballistics
27:39 Town Watch
29:11 Wheelbarrow
29:44 Gold Shaft Mining
30:53 Redemption
31:03 Sanctity
30:53 Heavy Plow
31:39 Hand Cart
31:03 Long Swordsman
32:11 Bodkin Arrow
32:44 Scale Mail Armor
32:56 Forging
36:38 Imperial Age
34:46 Two-Handed Swordsman
35:36 Champion
37:13 Leather Archer Armor
37:22 Bracer
37:12 Arson
38:29 Conscription
38:54 Iron Casting
43:23 Fereters
42:40 Elite Composite Bowman
44:36 Ring Archer Armor
44:23 Chain Mail Armor
45:09 Blast Furnace
44:44 Block Printing
44:55 Illumination
46:05 Chemistry
45:56 Murder Holes
47:59 Bombard Tower
48:40 Plate Mail Armor
54:26 Masonry
53:59 Treadmill Crane
54:30 Fortified Wall
DK_Vamos Jefe de Equipo
7:03 Loom
9:21 Feudal Age
11:55 Double-Bit Axe
17:49 Wheelbarrow
20:32 Castle Age
19:31 Fletching
19:34 Horse Collar
21:50 Bow Saw
26:03 Bodkin Arrow
27:44 Padded Archer Armor
30:29 Town Watch
32:10 Hand Cart
34:57 Imperial Age
33:04 Bloodlines
33:36 Scale Mail Armor
34:44 Scale Barding Armor
35:22 Chain Mail Armor
35:17 Forging
35:59 Husbandry
36:34 Conscription
37:21 Ballistics
38:01 Chemistry
37:03 Bracer
37:33 Shatagni
38:27 Iron Casting
37:58 Stone Mining
37:58 Gold Mining
38:46 Leather Archer Armor
39:04 Town Patrol
40:12 Blast Furnace
40:56 Ring Archer Armor
41:47 Chain Barding Armor
42:26 Light Cavalry
44:51 Plate Barding Armor
Connection lost

Rejoining the realm…

Still unreachable

The connection could not be restored.

Session expired

The server has moved on; the page needs a fresh start.